 Dungeon Crawl Stone Soup version 0.21.0-25-ge575cb9ce8 (webtiles) character file.

210 Kepler the Chopper (level 5, -3/41 HPs)
             Began as a Demonspawn Fighter on Jan 26, 2018.
             Killed by divine providence
             ... invoked by an orc priest
              (14 damage)
             ... on level 3 of the Dungeon.
             The game lasted 00:02:15 (1750 turns).

Kepler the Chopper (Demonspawn Fighter)             Turns: 1750, Time: 00:02:16

Health: -3/41      AC:  6    Str: 17    XL:     5   Next: 56%
Magic:  5/5        EV:  6    Int:  9    God:
Gold:   105        SH:  8    Dex: 13    Spells: 4/4 levels left

rFire    . . .     SeeInvis .   a - +0 war axe
rCold    . . .     Gourm    .   c - +0 shield
rNeg     . . .     Faith    .   b - +0 scale mail
rPois    .         Spirit   .   (no helmet)
rElec    .         Reflect  .   (no cloak)
rCorr    .         Harm     .   (no gloves)
MR       .....                  (no boots)
Stlth    ..........             (no amulet)
HPRegen  0.13/turn              (no ring)
MPRegen  0.09/turn              (no ring)

@: no status effects
A: claws 1, talons 2, powered by pain 1
a: no special abilities


You were on level 3 of the Dungeon.
You were not hungry.

You visited 1 branch of the dungeon, and saw 3 of its levels.

You collected 105 gold pieces.

Inventory:

Hand Weapons
 a - a +0 war axe (weapon)
Armour
 b - a +0 scale mail (worn)
 c - a +0 shield (worn)
Jewellery
 n - an uncursed ring of protection from cold {unknown}
Scrolls
 e - a scroll of magic mapping {unknown}
 g - 3 scrolls of enchant armour {unknown}
 h - 2 scrolls of identify {unknown}
 l - a scroll of fog {unknown}
 o - a scroll of remove curse {unknown}
Potions
 d - a potion of might
 i - a potion of haste {unknown}
 j - a potion of mutation {unknown}
 k - a potion of degeneration {unknown}
 m - a potion of agility {unknown}
Comestibles
 f - 4 rations


   Skills:
 - Level 3.0 Fighting
 + Level 5.4 Axes
 - Level 2.6 Armour
 - Level 2.6 Shields


You had 4 spell levels left.
You didn't know any spells.

Dungeon Overview and Level Annotations

Branches:
Dungeon (3/15)

Altars:
Elyvilon
Trog


Innate Abilities, Weirdness & Mutations

You have sharp fingernails.
You have razor-sharp toenails.
You sometimes gain a little power by taking damage.


Message History

The orc hits you but does no damage. Something hits you but does no damage.
Unknown command.
Your scale mail prevents you from hitting the orc.
You claw the orc.
You kill the orc!
You hit the orc priest but do no damage.
You hit the orc but do no damage. You miss something.
The orc closely misses you. Something hits you.
* * * LOW HITPOINT WARNING * * *
You block the orc priest's attack. You block something's attack.
The orc barely misses you.
An orc comes into view. It is wielding a hand axe.
You barely miss the hobgoblin. You hit the orc priest.
Your shield prevents you from hitting the orc.
You miss something. Something completely misses you.
You block the orc priest's attack. You block the hobgoblin's attack.
The orc hits you but does no damage. Something completely misses you.
The orc priest calls down the wrath of Beogh upon you.
Beogh smites you!
You die...

.. ###....... o .
..........
..##.#.........
.og#.#..........
................
.................
.....w...........
.......#go.......
......†@o.......
................ ..
####............
#.#######............
............).........
......../.#...........
..........##.....>...#
.
###....#..##........#
.. ..#
###......#####....##
...


You could see an orc priest, a dart slug, 2 orcs and a hobgoblin.

Vanquished Creatures
  A scorpion (D:2)
  Jessica (D:2)
  An orc wizard (D:3)
  4 adders
  4 leopard geckos
  3 orcs
  A giant cockroach (D:1)
  5 goblins
  6 hobgoblins
  14 jackals
  7 kobolds
  3 quokkas (D:2)
  2 ball pythons (D:1)
  5 bats
  5 frilled lizards
  6 rats
68 creatures vanquished.

Notes
Turn   | Place    | Note
-------+----------+-------------------------------------------
     0 | D:1      | Kepler the Demonspawn Fighter began the quest for the Orb.
     0 | D:1      | Reached XP level 1. HP: 18/18 MP: 1/1
     4 | D:1      | Reached skill level 2 in Axes
    65 | D:1      | Gained mutation: You have sharp toenails. [demonic ancestry]
    65 | D:1      | Reached XP level 2. HP: 22/24 MP: 2/2
   245 | D:1      | Reached skill level 3 in Axes
   473 | D:1      | Gained mutation: You have sharp fingernails. [demonic ancestry]
   473 | D:1      | Reached XP level 3. HP: 28/29 MP: 3/3
   677 | D:2      | Noticed a scorpion
   685 | D:2      | Killed a scorpion
   685 | D:2      | Reached skill level 4 in Axes
   685 | D:2      | Gained mutation: You sometimes gain a little power by taking damage. [demonic ancestry]
   685 | D:2      | Reached XP level 4. HP: 26/35 MP: 4/4
  1083 | D:2      | Found a bloodstained altar of Trog.
  1208 | D:2      | Noticed Jessica
  1221 | D:2      | Killed Jessica
  1221 | D:2      | Gained mutation: You have razor-sharp toenails. [demonic ancestry]
  1221 | D:2      | Reached XP level 5. HP: 14/41 MP: 5/5
  1476 | D:2      | Reached skill level 5 in Axes
  1554 | D:2      | Found a white marble altar of Elyvilon.
  1750 | D:3      | Killed from afar by an orc priest

Skill      XL: |  1  2  3  4  5 |
---------------+----------------+-----
Axes           | 2 3 4 5 |  5.4
Fighting       | |  3.0
Armour         | |  2.6
Shields        | |  2.6

Action                   |  1- 3 |  4- 6 || total
-------------------------+-------+-------++-------
Melee: War axe           |    92 |   104 ||   196
       Kick              |     8 |    17 ||    25
  Eat: Chunk             |       |     3 ||     3
Armor: Scale mail        |    78 |    55 ||   133
Dodge: Dodged            |    34 |    37 ||    71
Block: Shield            |    58 |    70 ||   128
